 Dungeon Crawl Stone Soup version 0.17-a0-146-gd505748 (webtiles) character file.

156 Ngotmuk the Covered (level 5, 36/49 HPs)
             Began as a Deep Dwarf Fighter on Mar 25, 2015.
             Quit the game on level 3 of the Dungeon.
             The game lasted 00:06:53 (1589 turns).

Ngotmuk the Covered (Deep Dwarf Fighter)            Turns: 1589, Time: 00:06:53

Health: 36/49      AC:  9    Str: 21    XL:     5   Next: 15%
Magic:  0/5        EV:  9    Int:  8    God:
Gold:   96         SH:  0    Dex: 12    Spells: 0 memorised, 4 levels left

rFire  . . .     SeeInvis .     a - +0 flail
rCold  . . .     Clarity  .     b - +0 scale mail
rNeg   . . .     SustAb   .     (no shield)
rPois  .         Gourm    .     (no helmet)
rElec  .         Spirit   +     l - +0 cloak
rCorr  .         Warding  .     (no gloves)
rMut   .         Stasis   .     o - +0 pair of boots
MR     .....                    j - amulet of guardian spirit
Stlth  ..........               (no ring)
                                (no ring)

@: non-regenerating, not resistant to hostile enchantments, extremely unstealthy
A: damage resistance, recharge devices, sense surroundings 1, slow healing 3
a: Device Recharging


You were on level 3 of the Dungeon.
You were hungry.

You visited 1 branch of the dungeon, and saw 3 of its levels.

You collected 96 gold pieces.

Inventory:

Hand weapons
 a - a +0 flail (weapon)
Armour
 b - a +0 scale mail (worn)
 l - a +0 cloak (worn)
 o - a +0 pair of boots (worn)
Jewellery
 j - an amulet of guardian spirit (around neck)
 t - an uncursed ring of magical power {unknown}
Magical devices
 d - a wand of heal wounds (3)
 s - a wand of digging (6)
Scrolls
 c - 7 scrolls of identify {unknown}
 i - 2 scrolls of remove curse {unknown}
 k - 3 scrolls of teleportation {unknown}
 q - 2 scrolls of immolation {unknown}
Potions
 e - 2 potions of might
 g - a potion of heal wounds {unknown}
 h - a potion of degeneration {unknown}
 n - a potion of magic {unknown}
 p - a potion of cancellation {unknown}
Books
 r - a book of Minor Magic

   Spells                             Type                      Level
   a - Magic Dart                     Conjuration                  1
   b - Blink                          Translocation                2
   c - Call Imp                       Summoning                    2
   d - Repel Missiles                 Charms/Air                   2
   e - Slow                           Hexes                        2
   f - Conjure Flame                  Conjuration/Fire             3
   g - Mephitic Cloud                 Conjuration/Poison/Air       3
Comestibles
 f - 2 bread rations
 m - a beef jerky


   Skills:
 + Level 3.6 Fighting
 * Level 3.8 Maces & Flails
 + Level 4.4 Armour
   Level 3.2 Shields


You had 4 spell levels left.
You didn't know any spells.

Dungeon Overview and Level Annotations

Branches:
Dungeon (3/15)

Altars:


Innate Abilities, Weirdness & Mutations

You are resistant to damage.
You can recharge devices by infusing magical energy.
You passively map a small area around you.
You do not heal naturally.


Message History

The bat barely misses you. The bat hits you but does no damage.
The bat hits you but does no damage.
A bat is nearby!
You are too injured to fight recklessly!
The bat closely misses you.
Evoke which item? (* to show all) (? for menu, Esc to quit)
Zapping:
s - a wand of digging (will waste charges)
Press: ? - help, Shift-Dir - straight line, f - you Nothing appears to happen.
Evoking this partially-identified wand wasted a few charges.
The bat hits you.
Evoke which item? (* to show all) (? for menu, Esc to quit)
Zapping:
d - a wand of heal wounds (4)
Press: ? - help, Shift-Dir - straight line, f - you You feel much better.
This wand has 3 charges left.
The bat hits you but does no damage.
Quiver which item? (- for none, * to show all) (? for menu, Esc to quit)
Okay, then.
Are you sure you want to abandon this character and quit the game? (Confirm with "yes".)

#.#.# *
###.#.#####* *
##...........*
.............. , *
#......<.....#
#........... ,,,
#####........., ,
*
..[........#.####
,
..........@.....+,
,
..........b#.####
* ...........#...
..........$#####
*########.#.#
#$#.# , **
**########.#.# ,
,, , ...........#
,,
##############.###


You could see a bat.

Vanquished Creatures
  Natasha (D:3)
  8 adders
  A worm (D:2)
  An ooze (D:2)
  An orc (D:3)
  9 bats
  4 giant cockroaches
  5 goblins (D:1)
  6 hobgoblins
  3 jackals (D:2)
  2 quokkas
  A ball python (D:3)
  6 giant newts
  5 kobolds
  5 rats
58 creatures vanquished.

Notes
Turn   | Place    | Note
--------------------------------------------------------------
     0 | D:1      | Ngotmuk, the Deep Dwarf Fighter, began the quest for the Orb.
     0 | D:1      | Reached XP level 1. HP: 20/20 MP: 1/1
   240 | D:1      | Reached XP level 2. HP: 17/27 MP: 2/2
   737 | D:2      | Reached XP level 3. HP: 20/34 MP: 0/3
   778 | D:2      | Reached skill level 4 in Armour
   912 | D:2      | Reached XP level 4. HP: 18/42 MP: 0/4
  1571 | D:3      | Noticed Natasha
  1582 | D:3      | Killed Natasha
  1582 | D:3      | Reached XP level 5. HP: 10/49 MP: 0/5
  1589 | D:3      | Quit the game

Action                   |  1- 3 |  4- 6 || total
-------------------------+-------+-------++-------
Melee: Flail             |   117 |   100 ||   217
Evoke: Wand              |       |     3 ||     3
  Eat: Royal jelly       |       |     1 ||     1
